 Dungeon Crawl Stone Soup version 0.22.0-16-gc6d26f6 (webtiles) character file.

20770 Faca the Slicer (level 13, -2/94 HPs)
             Began as a Halfling Abyssal Knight on Aug 17, 2018.
             Was a High Priest of Lugonu.
             Slain by a harpy (9 damage)
             ... summoned by Kirke
             ... on level 3 of the Lair of Beasts.
             The game lasted 01:11:30 (22222 turns).

Faca the Slicer (Halfling Abyssal Knight)          Turns: 22222, Time: 01:11:30

Health: -2/94      AC:  0    Str: 13    XL:     13   Next: 14%
Magic:  20/20      EV: 17    Int: 10    God:    Lugonu [*****.]
Gold:   997        SH:  0    Dex: 19    Spells: 12/12 levels left

rFire    . . .     SeeInvis .   (weapon currently unavailable)
rCold    . . .     Gourm    .   (shield currently unavailable)
rNeg     . . .     Faith    .   (armour currently unavailable)
rPois    .         Spirit   .   (helmet currently unavailable)
rElec    .         Reflect  .   (cloak currently unavailable)
rCorr    .         Harm     .   (gloves currently unavailable)
MR       .....                  (boots currently unavailable)
Stlth    ++........             (no amulet)
HPRegen  0.25/turn              (ring currently unavailable)
MPRegen  0.17/turn              (ring currently unavailable)

@: pig-form, slowed
A: small, mutation resistance 1
a: Depart the Abyss, Bend Space, Banish, Corrupt, Enter the Abyss, Renounce
Religion


You were on level 3 of the Lair of Beasts.
You worshipped Lugonu.
Lugonu was extremely pleased with you.
You were not hungry.
You were a filthy swine.
You visited 2 branches of the dungeon, and saw 16 of its levels.
You visited the Abyss 1 time.
You also visited: Labyrinth.

You collected 997 gold pieces.

Inventory:

Hand Weapons
 i - a +0 hunting sling
 s - the +0 dagger "Deachanlu" {pierce, +Inv rF+ rC++ Dex-2}
   (You found it in a labyrinth)

   It inflicts extra damage upon your enemies.
   It affects your dexterity (-2).
   It protects you from fire.
   It greatly protects you from cold.
   It lets you turn invisible.
 u - a +0 rapier
 D - a +0 dagger of venom (melded)
Missiles
 c - 13 poisoned needles
 f - 472 stones (quivered)
 v - 173 sling bullets
 L - 14 curare-tipped needles
Armour
 d - the +2 scale mail "Vunyucad" (melded) {rElec Str-3 Dex+4}
   (You found it on level 6 of the Dungeon)

   It affects your strength (-3).
   It affects your dexterity (+4).
   It insulates you from electricity.
 l - a +2 hat (melded)
 x - the +0 ring mail "Teijom" {rN+ rCorr Str-2}
   (You found it on level 4 of the Lair of Beasts)

   It affects your strength (-2).
   It protects you from negative energy.
   It provides partial protection from all sources of acid and corrosion.
 z - a +0 pair of gloves (melded)
 I - a +2 cloak of magic resistance (melded)
Jewellery
 a - an uncursed ring of flight
 n - a +3 ring of evasion (melded)
 A - an uncursed ring of resist corrosion
 B - an uncursed ring of protection from magic
 K - the ring of Xataron (melded) {rPois rC+ Str+7}
   (You found it on level 10 of the Dungeon)

   [ring of poison resistance]

   It affects your strength (+7).
   It protects you from cold.
   It protects you from poison.
Wands
 y - a wand of digging (27)
 C - a wand of iceblast (21)
Scrolls
 e - 5 scrolls of remove curse
 h - 10 scrolls of teleportation
 j - 6 scrolls of immolation
 q - a scroll of magic mapping
 r - 6 scrolls of blinking
 w - 3 scrolls of enchant armour
 F - 2 scrolls of fog
 J - a scroll of enchant weapon {unknown}
 M - a scroll of random uselessness {unknown}
 N - a scroll of acquirement {unknown}
Potions
 b - 6 potions of flight
 k - 2 potions of lignification
 m - 3 potions of haste
 o - a potion of resistance {unknown}
 p - 2 potions of mutation {unknown}
 t - 3 potions of might
 E - a potion of agility
 G - a potion of invisibility
 H - a potion of cancellation
Comestibles
 g - 13 rations


   Skills:
 + Level 10.8 Fighting
 + Level 13.4 Short Blades
 - Level 10.0 Slings
 + Level 7.3 Armour
 + Level 3.9 Dodging
 - Level 10.0 Invocations


You had 12 spell levels left.
You didn't know any spells.
Your spell library contained the following spells:

 Spells                   Type           Power        Failure   Level  Hunger
 Magic Dart               Conj           #...         36%         1    ##.....
 Apportation              Tloc           #.....       36%         1    ##.....
 Conjure Flame            Conj/Fire      #.......     75%         3    ####...
 Slow                     Hex            #.......     50%         2    ###....
 Mephitic Cloud           Conj/Pois/Air  #.......     75%         3    ####...
 Summon Small Mammal      Summ           #...         36%         1    ##.....
 Blink                    Tloc           N/A          50%         2    ###....
 Animate Skeleton         Necr           N/A          36%         1    ##.....
 Summon Ice Beast         Ice/Summ       #.......     98%         4    #####..
 Call Imp                 Summ           #.......     50%         2    ###....
 Confusing Touch          Hex            #.....       36%         1    ##.....
 Call Canine Familiar     Summ           #.......     75%         3    ####...
 Metabolic Englaciation   Hex/Ice        #.........   100%        5    ######.
 Silence                  Hex/Air        #.........   100%        5    ######.
 Dazzling Spray           Conj/Hex       #.....       75%         3    ####...
 Summon Lightning Spire   Summ/Air       #.......     98%         4    #####..
 Summon Guardian Golem    Hex/Summ       #.......     75%         3    ####...


Dungeon Overview and Level Annotations

Branches:
Dungeon (11/15)            Temple (0/1) D:4            Lair (5/6) D:9
  Swamp (0/4) Lair:3        Snake (0/4) Lair:3          Orc (0/2) D:9
  Slime: Lair:5-6

Altars:
Ashenzari
Cheibriados
Elyvilon
Fedhas
Gozag
Hepliaklqana
Kikubaaqudgha
Okawaru
Uskayaw
Xom
Yredelemnul
Zin
The Shining One

Shops:
D:5 }

Annotations:
D:3 1 runed door, RighteousDevil's ghost, amateur SpEn
D:7 4 transporters, avis's ghost, novice DrTm
Lair:3 Kirke


Innate Abilities, Weirdness & Mutations

You are small and have problems with some larger weapons.
You are somewhat resistant to further mutation.


Message History

Kirke gestures at you while chanting.
You feel yourself slow down.
Kirke mumbles some strange words.
Kirke summons some harpies!
Press: ? - help, v - describe, . - travel
Here: Kirke (moderately wounded, poisoned)
The floor.
The harpy claws you. The harpy barely misses you. The harpy claws you.
The harpy barely misses you. x2; The harpy claws you!
The harpy misses you. x2
The harpy screeches!
The harpy claws you! The harpy closely misses you. The harpy barely misses you.
The harpy claws you!
* * * LOW HITPOINT WARNING * * *
The harpy completely misses you. The harpy claws you!
* * * LOW HITPOINT WARNING * * *
The harpy barely misses you. The harpy claws you.
* * * LOW HITPOINT WARNING * * *
The harpy completely misses you. The harpy claws you!
You die...

##.......######.# ###
##.......P##....#
#........##P....#
##...........##.#
#........#####.##
##.....### #...##
#..##### #...P# #####
##.##
##....#######...##
#..###
#..hH..PP..##.#..#
#...P#
##.HH............#
#....#
#P..............##
#.####
##....@..####.######
### ### ##.....##
#.###..#
#.#####P#..#####.......
#....P###...#P##.......
##.....................
#......................


You could see Kirke and 3 harpies.

Vanquished Creatures
  2 two-headed ogres
  A death yak (D:9)
  An unseen horror (D:10)
  5 elephants
  Maurice (D:10)
  A black mamba (Lair:4)
  Joseph (D:10)
  5 spiny frogs
  A centaur skeleton (D:10)
  2 komodo dragons
  3 rime drakes
  A queen bee (D:10)
  5 hippogriffs
  12 yaks
  2 wyverns
  2 hogs
  2 hungry ghosts
  2 basilisks
  7 water moccasins
  4 porcupines
  4 sky beasts
  2 ice beasts
  2 orc warriors
  9 ogres
  A black bear (D:10)
  7 wolves
  5 centaurs
  3 crocodiles
  10 bullfrogs
  A wyvern zombie (D:7)
  3 scorpions
  33 killer bees
  3 howler monkeys
  A bullfrog zombie (D:4)
  4 crimson imps
  A quasit (D:10)
  A bullfrog skeleton (D:5)
  12 orc wizards
  3 hounds
  2 jellies
  4 orc priests
  6 iguanas
  4 worker ants
  2 worker ant zombies
  6 gnolls (D:6)
  8 adders
  3 shadow imps
  An adder skeleton (D:8)
  An adder zombie (D:9)
  2 worms
  4 dart slugs
  5 leopard geckos
  50 orcs
  5 ball pythons
  5 bats
  4 giant cockroaches
  8 goblins
  6 hobgoblins
  6 jackals (D:2)
  5 quokkas
  5 frilled lizards
  12 kobolds
  5 rats
324 creatures vanquished.

Vanquished Creatures (others)
  6 fungi
  2 plants (Lair:4)
8 creatures vanquished.

Grand Total: 332 creatures vanquished

Notes
Turn   | Place    | Note
-------+----------+-------------------------------------------
     0 | Abyss:1  | Faca the Halfling Abyssal Knight began the quest for the Orb.
     0 | Abyss:1  | Reached XP level 1. HP: 15/15 MP: 2/2
     9 | D:1      | Escaped the Abyss
   521 | D:1      | Reached XP level 2. HP: 20/20 MP: 3/3
   675 | D:1      | Reached skill level 3 in Short Blades
   933 | D:1      | Reached XP level 3. HP: 26/26 MP: 4/4
  1211 | D:2      | Reached skill level 1 in Slings
  1264 | D:2      | Found a snail-covered altar of Cheibriados.
  1334 | D:2      | Reached ** piety under Lugonu
  1405 | D:2      | Reached XP level 4. HP: 31/31 MP: 5/5
  1762 | D:2      | Found a glowing golden altar of the Shining One.
  1888 | D:3      | Found a shattered altar of Ashenzari.
  1960 | D:3      | Reached skill level 4 in Short Blades
  2011 | D:3      | Found a white marble altar of Elyvilon.
  2012 | D:3      | Found a runed door.
  2012 | D:3      | Noticed RighteousDevil's ghost (amateur SpEn)
  2140 | D:3      | Reached XP level 5. HP: 36/36 MP: 6/6
  2758 | D:4      | Found a blossoming altar of Fedhas.
  2814 | D:4      | Noticed an ogre
  2852 | D:4      | Killed an ogre
  2852 | D:4      | Reached XP level 6. HP: 32/43 MP: 7/7
  2968 | D:4      | Reached skill level 5 in Short Blades
  3020 | D:4      | Reached *** piety under Lugonu
  3276 | D:4      | Found a staircase to the Ecumenical Temple.
  3479 | D:4      | Reached XP level 7. HP: 49/49 MP: 8/8
  3677 | D:5      | Entered Level 5 of the Dungeon
  3690 | D:4      | Reached skill level 5 in Slings
  3845 | D:5      | Found Ymea's Gadget Emporium.
  4140 | D:5      | Reached skill level 5 in Fighting
  4140 | D:5      | Reached skill level 6 in Short Blades
  4563 | D:5      | Reached XP level 8. HP: 55/55 MP: 9/9
  4723 | D:5      | Noticed a wyvern
  4739 | D:5      | Killed a wyvern
  5083 | D:5      | Reached skill level 7 in Short Blades
  5653 | D:5      | HP: 2/57 [ogre/giant spiked club (16)]
  6030 | D:5      | Reached XP level 9. HP: 50/62 MP: 10/10
  7001 | D:6      | Reached skill level 8 in Short Blades
  7138 | D:6      | Got a blackened scale mail
  7149 | D:6      | Identified the +2 scale mail "Vunyucad" {rElec Str-3 Dex+4} (You found it on level 6 of the Dungeon)
  7416 | D:6      | Found a basalt altar of Yredelemnul.
  7422 | D:6      | Found a hazy altar of Hepliaklqana.
  7422 | D:6      | Found an opulent altar of Gozag.
  7423 | D:6      | Found an ancient bone altar of Kikubaaqudgha.
  7495 | D:7      | Found a transporter.
  7588 | D:7      | Noticed a five-headed hydra
  7588 | D:7      | Noticed avis's ghost (novice DrTm)
  8039 | D:7      | Found a transporter.
  8041 | D:7      | Found a transporter.
  8057 | D:7      | Noticed a slime creature
  8059 | D:7      | Found an iron altar of Okawaru.
  8116 | D:7      | Found a transporter.
  8183 | D:7      | Found a hide-covered altar of Uskayaw.
  8196 | D:7      | Noticed a hippogriff
  8222 | D:7      | Killed a hippogriff
  8222 | D:7      | Reached skill level 9 in Short Blades
  8312 | D:7      | Reached **** piety under Lugonu
  8573 | D:8      | Reached skill level 10 in Slings
  8843 | D:8      | Reached XP level 10. HP: 66/71 MP: 12/12
  9225 | D:8      | Found a shimmering altar of Xom.
  9526 | D:8      | Found a glowing silver altar of Zin.
  9693 | D:9      | Got a pair of shimmering gloves
  9694 | D:9      | Identified the cursed -5 pair of gloves of Ithad {rF++} (You found it on level 9 of the Dungeon)
  9800 | D:9      | Found a staircase to the Lair.
  9809 | D:9      | Noticed a death yak
  9811 | D:9      | Noticed a two-headed ogre
  9815 | D:9      | Noticed a death yak
  9911 | D:9      | Killed a two-headed ogre
  9911 | D:9      | Reached skill level 10 in Short Blades
  9911 | D:9      | Reached skill level 5 in Invocations
 10585 | D:9      | Found a staircase to the Orcish Mines.
 10783 | D:9      | Noticed a death yak
 11175 | D:10     | Entered Level 10 of the Dungeon
 11697 | D:10     | Reached XP level 11. HP: 56/78 MP: 15/15
 11716 | D:10     | Reached ***** piety under Lugonu
 11716 | D:10     | Reached skill level 11 in Short Blades
 12316 | D:10     | Noticed Joseph
 12365 | D:10     | Killed Joseph
 12966 | D:10     | Noticed Maurice
 13009 | D:10     | Killed Maurice
 13091 | D:10     | Noticed a two-headed ogre
 13119 | D:10     | Killed an unseen horror
 13204 | D:10     | Killed a two-headed ogre
 13983 | D:10     | Got a clouded jade ring
 13990 | D:10     | Identified the ring of Xataron {rPois rC+ Str+7} (You found it on level 10 of the Dungeon)
 14165 | D:10     | You fall through a shaft!
 14309 | D:9      | Killed a death yak
 14309 | D:9      | Reached skill level 5 in Armour
 14449 | Lair:1   | Entered Level 1 of the Lair of Beasts
 14495 | Lair:1   | Reached skill level 12 in Short Blades
 14991 | Lair:1   | Reached XP level 12. HP: 82/87 MP: 18/18
 15087 | Lair:1   | Noticed a six-headed hydra
 15150 | D:9      | Banished a six-headed hydra
 15771 | Lair:1   | Reached skill level 10 in Fighting
 17226 | Lair:3   | Found a staircase to the Swamp.
 17628 | Lair:3   | Found a staircase to the Snake Pit.
 18046 | Lair:4   | Noticed Kirke
 18048 | Lair:4   | Noticed a sphinx
 19272 | Lair:3   | Reached skill level 13 in Short Blades
 20674 | Lair:4   | Reached XP level 13. HP: 64/93 MP: 20/20
 20908 | Lair:4   | Got a translucent ring mail
 20916 | Lair:4   | Reached skill level 10 in Invocations
 20939 | Lair:4   | Identified the cursed +0 ring mail "Teijom" {rN+ rCorr Str-2} (You found it on level 4 of the Lair of Beasts)
 21154 | Lair:5   | Found a labyrinth entrance.
 21230 | Lab      | Entered a labyrinth
 21392 | Lab      | Noticed a minotaur
 21422 | Lab      | HP: 1/93 [minotaur/javelin (11)]
 21485 | Lab      | Banished a minotaur
 21492 | Lab      | Identified the Reference Book on Beguiling
 21518 | Lab      | Got a steaming dagger
 21768 | Lab      | Identified the cursed +0 dagger "Deachanlu" {pierce, +Inv rF+ rC++ Dex-2} (You found it in a labyrinth)
 22018 | Lair:5   | Noticed a catoblepas
 22084 | Lair:5   | Noticed a six-headed hydra
 22222 | Lair:3   | Slain by a harpy

Skill      XL: |  1  2  3  4  5  6  7  8  9 10 11 12 13 |
---------------+----------------------------------------+-----
Fighting       | 3 4 5 6 7 8 9 10 | 10.8
Short Blades   | 3 4 5 6 7 9 10 12 13 | 13.4
Slings         | 1 2 4 6 8 10 | 10.0
Invocations    | 3 6 8 9 10 | 10.0
Armour         | 5 7 |  7.3
Dodging        | 3 |  3.9

Action                   |  1- 3 |  4- 6 |  7- 9 | 10-12 | 13-15 || total
-------------------------+-------+-------+-------+-------+-------++-------
Melee: Short sword       |   112 |   134 |       |       |       ||   246
       Rapier            |       |    70 |   573 |   900 |    85 ||  1628
       Dagger            |       |       |       |   642 |    28 ||   670
 Fire: Hunting sling     |     9 |    35 |    82 |    61 |    11 ||   198
Throw: Stone             |       |       |       |     9 |     3 ||    12
Invok: Bend Space        |       |       |     2 |     7 |     3 ||    12
       Banish            |       |       |       |     2 |     3 ||     5
Evoke: Wand              |       |       |       |    11 |     1 ||    12
  Use: Scroll            |       |    11 |     2 |     8 |     2 ||    23
       Potion            |       |       |       |     1 |     3 ||     4
  Eat: Ration            |     1 |     1 |     4 |    11 |     2 ||    19
       Chunk             |       |     1 |     4 |     8 |       ||    13
Armor: Scale mail        |    38 |    57 |   162 |   438 |    26 ||   721
       Leather armour    |     3 |       |       |       |       ||     3
       Ring mail         |       |       |       |       |     4 ||     4
Dodge: Dodged            |    49 |   163 |   291 |   683 |    79 ||  1265
Block: Buckler           |       |       |    60 |   116 |       ||   176
